 Dungeon Crawl Stone Soup version 0.14-a0-181-gf6fe0c6 (webtiles) character file.

609 PolkaDot the Ruffian (level 6, -7/61 HPs)
             Began as a Troll Monk on Oct 6, 2013.
             Killed from afar by an orc wizard (10 damage)
             ... with a puff of flame
             ... while paralysed by a potion of paralysis
             ... on Level 5 of the Dungeon.
             The game lasted 00:09:36 (2907 turns).

PolkaDot the Ruffian (Troll Monk)                   Turns: 2907, Time: 00:09:36

HP  -7/61        AC  6     Str 20      XL: 6   Next: 75%
MP   2/2         EV  1     Int 14      God:
Gold 158         SH  0     Dex 13      Spells:  0 memorised,  5 levels left

Res.Fire  : . . .   See Invis. : .     - Unarmed
Res.Cold  : + . .   Warding    : .   a - +0 robe
Life Prot.: . . .   Conserve   : .   (shield restricted)
Res.Poison: .       Res.Corr.  : .   (helmet restricted)
Res.Elec. : .       Clarity    : .   z - +0 cloak
Sust.Abil.: . .     Spirit.Shd : .   (gloves unavailable)
Res.Mut.  : .       Stasis     : .   (boots unavailable)
Res.Rott. : .       Flight     : .   (no amulet)
Gourmand  : +                        w - ring of protection from cold
                                     n - +2 ring of intelligence

@: paralysed, brilliant, slightly resistant to hostile enchantments, unstealthy
A: unfitting armour, claws 3, fast metabolism 3, gourmand, regeneration 2,
saprovore 2, tough skin 2, AC +1
a: no special abilities


You were on level 5 of the Dungeon.
You were completely stuffed.

You visited 1 branch of the dungeon, and saw 5 of its levels.

You collected 158 gold pieces.

Inventory:

Armour
 a - a +0 robe (worn)
 z - a +0 cloak (worn)
Comestibles
 b - 3 meat rations
 d - 6 chunks of gnoll flesh
 f - a lychee
 i - 5 chokos
 o - 2 bread rations
 p - an apricot
 q - a pear
 t - a rotting chunk of goblin flesh
 u - a rotting chunk of goblin flesh
 B - a rotting chunk of giant cockroach flesh
 C - a rotting chunk of hound flesh
Scrolls
 e - 2 scrolls of remove curse
 k - 3 scrolls of fear
 v - a scroll of fog
Jewellery
 n - a +2 ring of intelligence (left claw)
 w - a ring of protection from cold (right claw)
Potions
 c - 3 potions of slowing
 j - 3 potions of curing
 l - 2 potions of speed
 r - 4 potions of brilliance
 A - a potion of heal wounds {unknown}


   Skills:
 + Level 4.2 Fighting
 + Level 3.3 Dodging
 - Level 1.1 Stealth
 * Level 6.3 Unarmed Combat


You had 5 spell levels left.
You didn't know any spells.

Dungeon Overview and Level Annotations

Branches:
Dungeon (5/27)
 Temple: D:4-7

Altars:


Innate Abilities, Weirdness & Mutations

You are too large for most types of armour.
You have claws for hands.
Your metabolism is lightning-fast.
You like to eat raw meat.
You heal very quickly.
You can eat rotten meat.
You are covered in fur (AC +1).
You have very tough skin (AC +2).


Message History

You suddenly lose the ability to move!
It was a potion of paralysis.
It hits you.
* * * LOW HITPOINT WARNING * * *
The orc hits you with an orcish short sword.
* * * LOW HITPOINT WARNING * * *
The orc wizard hits you but does no damage.
It hits you.
* * * LOW HITPOINT WARNING * * *
The orc hits you with an orcish short sword.
* * * LOW HITPOINT WARNING * * *
The orc wizard hits you but does no damage.
The orc wizard gestures at you while chanting.
The magic dart hits you!
* * * LOW HITPOINT WARNING * * *
The orc wizard shouts!
The orc wizard is no longer bleeding.
The orc wizard hits you but does no damage.
You hear some strange, mumbled words.
The puff of flame hits you!
You die...

## # .#.#
##.#. #...
#.o# #.o# #@o#
####o.# #.
#.....# #.#
#.....#.#
#.#######
#....?..#
#.......#
#.#######
#....##.####.#
#....##......#
#....#########


You could see 3 orc wizards and an orc.

Vanquished Creatures
  Crazy Yiuf (D:2)
  A hound (D:4)
  6 orc wizards
  3 worker ants
  3 gnolls (D:5)
  6 adders (D:2)
  An inept feature mimic (D:2)
  A giant mite (D:3)
  A giant eyeball (D:4)
  5 giant geckos
  An ooze (D:2)
  4 orcs
  A ball python (D:2)
  8 giant cockroaches
  15 goblins
  13 hobgoblins
  8 kobolds
  A quokka (D:2)
  11 bats
  7 giant newts
  4 rats
101 creatures vanquished.

Notes
Turn   | Place    | Note
--------------------------------------------------------------
     0 | D:1      | PolkaDot, the Troll Monk, began the quest for the Orb.
     0 | D:1      | Reached XP level 1. HP: 20/20 MP: 0/0
   259 | D:1      | Reached XP level 2. HP: 26/28 MP: 0/0
   794 | D:2      | Reached XP level 3. HP: 33/36 MP: 1/1
  1038 | D:2      | Reached XP level 4. HP: 40/44 MP: 1/1
  1076 | D:2      | Reached skill level 5 in Unarmed Combat
  1450 | D:2      | Noticed Crazy Yiuf
  1459 | D:2      | Killed Crazy Yiuf
  1459 | D:2      | Reached XP level 5. HP: 28/52 MP: 1/1
  2257 | D:4      | Reached XP level 6. HP: 52/59 MP: 2/2
  2274 | D:4      | Reached skill level 6 in Unarmed Combat
  2820 | D:5      | Entered Level 5 of the Dungeon
  2905 | D:5      | Paralysed by a potion of paralysis for 3 turns
  2906 | D:5      | HP: 3/61 [orc wizard/magic dart (10)]
  2907 | D:5      | Killed from afar by an orc wizard

Action                   |  1- 3 |  4- 6 || total
-------------------------+-------+-------++-------
Melee: Unarmed           |    96 |   196 ||   292
  Use: Scroll            |       |    12 ||    12
       Potion            |       |     3 ||     3
 Stab: Sleeping          |       |     2 ||     2
